cohdb
Replays
Latest Replays
All Replays
Popular Replays
Top Player Replays
Match Explorer
How It Works
Community
CoH3 Stats
Reddit
Sign in to upload your games and track your stats! →
Sign in with Steam
Match 42274934
Unlisted
Match 42274934
Overview
Messages
Build Orders
End
Vickers Machine Gun Team
Construct Section Command Post
Selects Australian Defense Battlegroup
Infantry Section
Infantry Section
Grenade Package
Construct Field Infirmary
Infantry Section
Construct Platoon Command Post
CMP 15cwt Truck
6-pounder Anti-tank Gun Team
Selects CMP 15cwt Supply Run
Selects Artillery Trip Wire Flares
Sterben
MrBlueSteel
kamacura
TheDRex
[PH60]Field Marshal Erwin Rommel
Stepan Pantera
juand400
Insurmountable Odds
0
0
Comments
sign in to comment!
No comments posted yet!